[ AOE2 MATCH · #465745997 ]
Team RMBohemians vs Celts
[ REPLAY ANALYSIS · EXTRACTED FROM THE RECORDED GAME ]
Feudal
14:06
Castle
18:37
Imperial
34:16
| APM avg | 21.0 |
| APM peak | 55 |
| eAPM avg | 12.2 |
| Villagers / military | 155 / 215 |
Focus
⚔️ 40.3% · 🌾 59.7%
Spearman ×123 · Hussite Wagon ×68 · Bombard Cannon ×22 · Trade Cart ×15 · Militia ×1 · Trebuchet (Packed) ×1
Feudal
13:58
Castle
25:50
Imperial
37:07
| APM avg | 15.9 |
| APM peak | 65 |
| eAPM avg | 12.3 |
| Villagers / military | 98 / 233 |
Focus
⚔️ 37.0% · 🌾 63.0%
Scout Cavalry ×123 · Rattan Archer ×34 · Battle Elephant ×22 · Mangonel ×20 · Cavalry Archer ×16 · Spearman ×7
Feudal
11:54
Castle
16:09
Imperial
29:29
| APM avg | 18.2 |
| APM peak | 57 |
| eAPM avg | 12.9 |
| Villagers / military | 128 / 195 |
Focus
⚔️ 30.8% · 🌾 69.2%
Knight ×138 · Organ Gun ×23 · Scout Cavalry ×20 · Bombard Cannon ×9 · Trebuchet (Packed) ×3 · Monk ×2
Feudal
14:09
Castle
16:53
Imperial
32:59
| APM avg | 53.2 |
| APM peak | 95 |
| eAPM avg | 28.8 |
| Villagers / military | 143 / 356 |
Focus
⚔️ 29.9% · 🌾 70.1%
Scout Cavalry ×233 · Ballista Elephant ×89 · Mangonel ×15 · Trade Cart ×11 · Battle Elephant ×6 · Trebuchet (Packed) ×6
Feudal
13:33
Castle
17:17
Imperial
34:26
| APM avg | 23.4 |
| APM peak | 59 |
| eAPM avg | 11.4 |
| Villagers / military | 148 / 323 |
Focus
⚔️ 34.3% · 🌾 65.7%
Scout Cavalry ×120 · Mangudai ×111 · Battering Ram ×32 · Steppe Lancer ×32 · Trade Cart ×30 · Mangonel ×26
Feudal
12:31
Castle
18:47
Imperial
34:31
| APM avg | 22.4 |
| APM peak | 54 |
| eAPM avg | 16.4 |
| Villagers / military | 137 / 324 |
Focus
⚔️ 43.7% · 🌾 56.3%
Woad Raider ×273 · Scorpion ×37 · Trebuchet (Packed) ×10 · Mangonel ×3 · Monk ×1
Feudal
13:53
Castle
20:52
Imperial
37:29
| APM avg | 13.0 |
| APM peak | 61 |
| eAPM avg | 12.3 |
| Villagers / military | 105 / 367 |
Focus
⚔️ 52.5% · 🌾 47.5%
Scout Cavalry ×237 · Knight ×130 · Trade Cart ×12
Feudal
—
Castle
—
Imperial
—
| APM avg | 10.6 |
| APM peak | 26 |
| eAPM avg | 9.6 |
| Villagers / military | 104 / 621 |
Focus
⚔️ 45.0% · 🌾 55.0%
Scorpion ×366 · Militia ×133 · Spearman ×87 · Trade Cart ×22 · Centurion ×11 · Petard ×10
Match map
Resources at game start + every placement click. Thick line = wall · dashed box = detected house wall. 🟡 gold · ⚪ stone · 🟢 berries · 🔶 boar · ⭕ relic
Inputs per minute
— cuffneyj - - DumDum
Build order — cuffneyj
First 150 of 534 actions detected
| 0:05 | Create | Villager (Male) |
| 0:05 | Create | Villager (Male) |
| 0:05 | Create | Villager (Male) |
| 0:06 | Create | Villager (Male) |
| 0:11 | Build | House |
| 1:02 | Build | House |
| 1:09 | Build | House |
| 1:16 | Build | Palisade Wall |
| 1:47 | Build | House |
| 1:52 | Build | Palisade Wall |
| 2:13 | Research | Loom |
| 2:34 | Create | Villager (Male) |
| 3:32 | Create | Villager (Male) |
| 4:35 | Create | Villager (Male) |
| 4:35 | Create | Villager (Male) |
| 5:34 | Create | Villager (Male) |
| 6:38 | Create | Villager (Male) |
| 6:38 | Create | Villager (Male) |
| 6:39 | Create | Villager (Male) |
| 6:39 | Create | Villager (Male) |
| 6:39 | Create | Villager (Male) |
| 7:21 | Create | Villager (Male) |
| 7:21 | Create | Villager (Male) |
| 7:58 | Create | Villager (Male) |
| 8:26 | Create | Villager (Male) |
| 8:27 | Create | Villager (Male) |
| 9:40 | Create | Villager (Male) |
| 9:41 | Create | Villager (Male) |
| 9:47 | Build | Mill |
| 11:22 | Build | Mining Camp |
| 11:56 | Research | Feudal Age |
| 12:20 | Build | Lumber Camp |
| 13:35 | Build | House |
| 14:06 | Age | Feudal Age |
| 14:16 | Create | Villager (Male) |
| 14:16 | Create | Villager (Male) |
| 14:23 | Build | Blacksmith |
| 14:49 | Build | Market |
| 14:52 | Create | Villager (Male) |
| 15:32 | Create | Villager (Male) |
| 15:54 | Research | Castle Age |
| 16:06 | Research | Double-Bit Axe |
| 16:10 | Build | Farm |
| 16:14 | Build | Farm |
| 16:18 | Build | Farm |
| 16:24 | Build | Farm |
| 16:27 | Build | Farm |
| 16:32 | Build | Farm |
| 16:52 | Build | House |
| 16:56 | Build | House |
| 16:58 | Build | House |
| 18:05 | Research | Horse Collar |
| 18:37 | Age | Castle Age |
| 18:44 | Create | Villager (Male) |
| 18:44 | Create | Villager (Male) |
| 18:56 | Build | Town Center |
| 19:08 | Build | Town Center |
| 19:16 | Create | Villager (Male) |
| 19:44 | Create | Villager (Male) |
| 20:05 | Create | Villager (Male) |
| 20:05 | Create | Villager (Male) |
| 20:13 | Research | Bow Saw |
| 20:20 | Build | House |
| 20:22 | Build | House |
| 20:24 | Build | House |
| 20:36 | Build | House |
| 20:38 | Build | House |
| 20:40 | Build | House |
| 20:43 | Create | Villager (Male) |
| 20:43 | Create | Villager (Male) |
| 20:53 | Research | Wheelbarrow |
| 21:05 | Build | Farm |
| 21:11 | Create | Villager (Male) |
| 21:12 | Create | Villager (Male) |
| 21:15 | Create | Villager (Male) |
| 21:20 | Build | Farm |
| 21:24 | Build | Farm |
| 21:37 | Build | Farm |
| 21:40 | Create | Villager (Male) |
| 21:40 | Create | Villager (Male) |
| 21:42 | Create | Villager (Male) |
| 21:49 | Build | Farm |
| 21:59 | Build | Mining Camp |
| 22:01 | Create | Villager (Male) |
| 22:01 | Create | Villager (Male) |
| 22:13 | Create | Villager (Male) |
| 22:31 | Create | Villager (Male) |
| 22:31 | Create | Villager (Male) |
| 22:35 | Build | Farm |
| 22:37 | Build | Farm |
| 22:41 | Build | Farm |
| 22:45 | Build | Farm |
| 22:50 | Build | Farm |
| 22:56 | Create | Villager (Male) |
| 23:06 | Build | Farm |
| 23:08 | Create | Villager (Male) |
| 23:18 | Build | Farm |
| 23:20 | Create | Villager (Male) |
| 23:27 | Build | Farm |
| 23:29 | Create | Villager (Male) |
| 23:53 | Build | Stone Wall |
| 23:55 | Create | Villager (Male) |
| 23:56 | Create | Villager (Male) |
| 23:57 | Create | Villager (Male) |
| 23:59 | Create | Villager (Male) |
| 24:17 | Build | Mill |
| 24:19 | Build | Farm |
| 24:19 | Build | Farm |
| 24:19 | Build | Farm |
| 24:20 | Build | Farm |
| 24:20 | Build | Farm |
| 24:20 | Build | Farm |
| 24:20 | Build | Farm |
| 24:21 | Build | Farm |
| 24:25 | Create | Villager (Male) |
| 24:25 | Create | Villager (Male) |
| 24:25 | Create | Villager (Male) |
| 24:28 | Build | House |
| 24:30 | Build | House |
| 24:32 | Build | House |
| 24:44 | Build | Mill |
| 24:46 | Build | Farm |
| 24:46 | Build | Farm |
| 24:46 | Build | Farm |
| 24:46 | Build | Farm |
| 24:47 | Build | Farm |
| 24:47 | Build | Farm |
| 24:49 | Build | Farm |
| 24:49 | Build | Farm |
| 24:50 | Build | Farm |
| 24:53 | Create | Villager (Male) |
| 24:54 | Create | Villager (Male) |
| 24:54 | Create | Villager (Male) |
| 24:55 | Create | Villager (Male) |
| 25:15 | Build | Stone Wall |
| 25:20 | Build | Stone Wall |
| 25:24 | Create | Villager (Male) |
| 25:24 | Create | Villager (Male) |
| 25:24 | Create | Villager (Male) |
| 25:25 | Create | Villager (Male) |
| 25:25 | Create | Villager (Male) |
| 25:42 | Create | Trade Cart |
| 25:46 | Create | Trade Cart |
| 25:47 | Create | Trade Cart |
| 25:47 | Create | Trade Cart |
| 25:54 | Create | Villager (Male) |
| 25:54 | Create | Villager (Male) |
| 25:56 | Create | Villager (Male) |
| 26:05 | Build | Mining Camp |
| 26:18 | Create | Villager (Male) |
Build order — DumDum
First 150 of 396 actions detected
| 0:04 | Build | House |
| 0:07 | Build | House |
| 0:13 | Create | Villager (Male) |
| 0:13 | Create | Villager (Male) |
| 0:13 | Create | Villager (Male) |
| 0:14 | Create | Villager (Male) |
| 1:23 | Build | Lumber Camp |
| 2:23 | Create | Villager (Male) |
| 2:23 | Create | Villager (Male) |
| 3:19 | Create | Villager (Male) |
| 3:19 | Create | Villager (Male) |
| 3:33 | Build | House |
| 4:53 | Create | Villager (Male) |
| 4:53 | Create | Villager (Male) |
| 4:54 | Create | Villager (Male) |
| 6:56 | Create | Villager (Male) |
| 6:57 | Create | Villager (Male) |
| 6:57 | Create | Villager (Male) |
| 7:21 | Build | Palisade Wall |
| 7:23 | Build | Palisade Wall |
| 7:34 | Create | Villager (Male) |
| 8:44 | Create | Villager (Male) |
| 8:44 | Create | Villager (Male) |
| 9:34 | Build | House |
| 9:44 | Build | Palisade Wall |
| 10:01 | Create | Villager (Male) |
| 10:04 | Create | Villager (Male) |
| 10:12 | Build | Mill |
| 10:24 | Build | House |
| 10:32 | Build | Outpost |
| 10:35 | Create | Villager (Male) |
| 10:36 | Create | Villager (Male) |
| 11:17 | Build | Mining Camp |
| 11:35 | Build | House |
| 11:39 | Create | Villager (Male) |
| 11:46 | Research | Feudal Age |
| 11:46 | Research | Feudal Age |
| 12:28 | Build | House |
| 12:30 | Create | Villager (Male) |
| 13:10 | Build | Lumber Camp |
| 13:12 | Create | Villager (Male) |
| 13:58 | Age | Feudal Age |
| 14:04 | Research | Wheelbarrow |
| 14:04 | Research | Town Watch |
| 14:55 | Build | Market |
| 15:05 | Create | Villager (Male) |
| 15:05 | Create | Villager (Male) |
| 15:06 | Create | Villager (Male) |
| 15:06 | Create | Villager (Male) |
| 15:23 | Build | Farm |
| 15:24 | Build | Farm |
| 15:27 | Build | Farm |
| 15:30 | Build | Farm |
| 15:30 | Build | Farm |
| 16:09 | Build | Farm |
| 16:23 | Build | Lumber Camp |
| 16:52 | Build | Farm |
| 17:19 | Build | Blacksmith |
| 17:24 | Create | Trade Cart |
| 17:58 | Build | Farm |
| 18:02 | Build | Farm |
| 18:10 | Research | Double-Bit Axe |
| 18:33 | Create | Villager (Male) |
| 18:34 | Create | Villager (Male) |
| 18:35 | Create | Villager (Male) |
| 18:36 | Create | Villager (Male) |
| 18:37 | Create | Villager (Male) |
| 19:03 | Build | Barracks |
| 19:39 | Create | Villager (Male) |
| 19:39 | Create | Villager (Male) |
| 19:52 | Build | Mining Camp |
| 20:04 | Create | Spearman |
| 20:04 | Create | Spearman |
| 20:04 | Create | Spearman |
| 20:04 | Create | Spearman |
| 20:05 | Create | Spearman |
| 20:05 | Create | Spearman |
| 20:05 | Create | Spearman |
| 20:20 | Build | Watch Tower |
| 20:33 | Create | Trade Cart |
| 21:23 | Build | House |
| 21:25 | Build | House |
| 21:37 | Research | Town Watch |
| 22:15 | Build | Archery Range |
| 22:31 | Build | Farm |
| 22:31 | Build | Farm |
| 22:31 | Build | Farm |
| 22:31 | Build | Farm |
| 22:32 | Build | Farm |
| 22:32 | Build | Farm |
| 22:32 | Build | Farm |
| 22:33 | Build | Farm |
| 22:34 | Build | Farm |
| 22:49 | Build | Farm |
| 22:49 | Build | Farm |
| 22:52 | Build | Farm |
| 22:54 | Build | Farm |
| 23:10 | Research | Castle Age |
| 23:44 | Build | Stable |
| 23:50 | Create | Skirmisher |
| 23:50 | Create | Skirmisher |
| 23:50 | Create | Skirmisher |
| 23:51 | Create | Skirmisher |
| 23:51 | Create | Skirmisher |
| 23:51 | Create | Skirmisher |
| 23:57 | Create | Villager (Male) |
| 24:32 | Build | Stone Wall |
| 24:41 | Build | Building 487 |
| 24:56 | Build | Stone Wall |
| 25:00 | Build | Stone Wall |
| 25:28 | Create | Villager (Male) |
| 25:28 | Create | Villager (Male) |
| 25:29 | Create | Villager (Male) |
| 25:29 | Create | Villager (Male) |
| 25:50 | Age | Castle Age |
| 25:54 | Research | Forging |
| 26:43 | Build | Castle |
| 26:59 | Build | House |
| 27:00 | Build | House |
| 27:01 | Build | House |
| 27:02 | Build | House |
| 27:03 | Build | House |
| 27:34 | Create | Villager (Male) |
| 27:35 | Create | Villager (Male) |
| 27:44 | Research | Bow Saw |
| 28:03 | Create | Villager (Male) |
| 28:04 | Create | Villager (Male) |
| 28:58 | Build | Town Center |
| 29:15 | Build | House |
| 29:22 | Build | House |
| 29:24 | Build | House |
| 29:25 | Build | House |
| 29:27 | Build | House |
| 29:29 | Create | Villager (Male) |
| 29:31 | Create | Villager (Male) |
| 29:31 | Create | Villager (Male) |
| 29:31 | Create | Villager (Male) |
| 29:41 | Build | Siege Workshop |
| 29:45 | Research | Chatras |
| 30:53 | Create | Villager (Male) |
| 31:00 | Research | Horse Collar |
| 31:09 | Create | Villager (Male) |
| 31:11 | Research | Loom |
| 31:15 | Build | Farm |
| 31:26 | Create | Villager (Male) |
| 31:36 | Create | Villager (Male) |
| 31:36 | Create | Villager (Male) |
| 31:36 | Create | Villager (Male) |
| 31:37 | Create | Villager (Male) |
| 31:37 | Create | Villager (Male) |
Build order — GAmERzLike
First 150 of 409 actions detected
| 0:01 | Create | Villager (Male) |
| 0:02 | Create | Villager (Male) |
| 0:02 | Create | Villager (Male) |
| 0:02 | Create | Villager (Male) |
| 0:03 | Create | Villager (Male) |
| 0:04 | Build | House |
| 0:06 | Build | House |
| 1:23 | Create | Villager (Male) |
| 1:23 | Create | Villager (Male) |
| 1:59 | Create | Villager (Male) |
| 1:59 | Create | Villager (Male) |
| 2:08 | Build | Lumber Camp |
| 2:18 | Create | Villager (Male) |
| 2:48 | Create | Villager (Male) |
| 3:24 | Create | Villager (Male) |
| 3:58 | Build | House |
| 3:59 | Build | House |
| 4:02 | Create | Villager (Male) |
| 4:02 | Create | Villager (Male) |
| 4:34 | Build | Mill |
| 4:59 | Create | Villager (Male) |
| 5:15 | Create | Villager (Male) |
| 5:45 | Create | Villager (Male) |
| 6:51 | Create | Villager (Male) |
| 6:52 | Create | Villager (Male) |
| 7:00 | Create | Villager (Male) |
| 7:24 | Create | Villager (Male) |
| 8:38 | Create | Villager (Male) |
| 8:38 | Create | Villager (Male) |
| 9:35 | Create | Villager (Male) |
| 9:37 | Build | Mining Camp |
| 9:42 | Research | Feudal Age |
| 10:06 | Build | House |
| 10:08 | Build | House |
| 10:10 | Build | House |
| 11:03 | Build | Mill |
| 11:19 | Create | Villager (Male) |
| 11:20 | Create | Villager (Male) |
| 11:53 | Build | Farm |
| 11:53 | Build | Farm |
| 11:54 | Build | Farm |
| 11:54 | Age | Feudal Age |
| 12:05 | Build | Blacksmith |
| 12:07 | Build | Market |
| 12:53 | Research | Loom |
| 13:29 | Research | Castle Age |
| 14:14 | Research | Horse Collar |
| 14:16 | Research | Double-Bit Axe |
| 14:48 | Build | Farm |
| 14:50 | Build | Farm |
| 16:09 | Age | Castle Age |
| 16:12 | Build | Town Center |
| 16:20 | Build | Town Center |
| 16:26 | Create | Villager (Male) |
| 16:32 | Research | Bow Saw |
| 16:34 | Research | Heavy Plow |
| 16:56 | Create | Villager (Male) |
| 16:57 | Create | Villager (Male) |
| 17:02 | Build | House |
| 17:03 | Build | House |
| 17:05 | Build | House |
| 17:08 | Build | House |
| 17:09 | Build | House |
| 17:12 | Build | House |
| 17:14 | Build | House |
| 17:15 | Build | House |
| 17:37 | Create | Villager (Male) |
| 17:37 | Create | Villager (Male) |
| 17:40 | Research | Wheelbarrow |
| 17:44 | Create | Villager (Male) |
| 17:45 | Create | Villager (Male) |
| 17:45 | Create | Villager (Male) |
| 17:45 | Create | Villager (Male) |
| 17:57 | Build | Farm |
| 17:59 | Build | Farm |
| 18:07 | Create | Villager (Male) |
| 18:07 | Create | Villager (Male) |
| 18:23 | Create | Villager (Male) |
| 18:23 | Create | Villager (Male) |
| 18:28 | Build | Farm |
| 18:28 | Build | Farm |
| 18:29 | Build | Farm |
| 18:29 | Build | Farm |
| 18:29 | Build | Farm |
| 18:40 | Build | Farm |
| 18:40 | Build | Farm |
| 18:41 | Build | Farm |
| 18:41 | Build | Farm |
| 18:41 | Build | Farm |
| 18:48 | Build | Farm |
| 18:48 | Build | Farm |
| 18:54 | Build | Farm |
| 18:55 | Create | Villager (Male) |
| 19:01 | Build | Farm |
| 19:17 | Build | Farm |
| 19:18 | Create | Villager (Male) |
| 19:19 | Create | Villager (Male) |
| 19:19 | Create | Villager (Male) |
| 19:22 | Build | Farm |
| 19:39 | Build | Farm |
| 19:39 | Build | Farm |
| 19:46 | Build | Farm |
| 19:47 | Build | Farm |
| 19:52 | Build | Farm |
| 19:54 | Create | Villager (Male) |
| 19:55 | Create | Villager (Male) |
| 19:55 | Create | Villager (Male) |
| 19:55 | Create | Villager (Male) |
| 20:22 | Create | Villager (Male) |
| 20:22 | Create | Villager (Male) |
| 20:23 | Create | Villager (Male) |
| 20:27 | Build | Farm |
| 20:31 | Build | Farm |
| 20:34 | Build | Farm |
| 20:42 | Create | Villager (Male) |
| 20:43 | Create | Villager (Male) |
| 20:43 | Create | Villager (Male) |
| 20:44 | Create | Villager (Male) |
| 20:44 | Create | Villager (Male) |
| 20:51 | Build | Farm |
| 20:51 | Build | Farm |
| 20:52 | Build | Farm |
| 21:00 | Build | Farm |
| 21:00 | Build | Farm |
| 21:00 | Build | Farm |
| 21:09 | Create | Villager (Male) |
| 21:09 | Create | Villager (Male) |
| 21:09 | Create | Villager (Male) |
| 21:14 | Create | Villager (Male) |
| 21:16 | Create | Villager (Male) |
| 21:17 | Create | Villager (Male) |
| 21:20 | Build | Farm |
| 21:24 | Build | Farm |
| 21:37 | Build | House |
| 21:38 | Build | House |
| 21:40 | Build | House |
| 21:41 | Build | House |
| 21:43 | Build | House |
| 21:46 | Build | House |
| 21:48 | Build | House |
| 21:52 | Build | House |
| 21:53 | Build | House |
| 21:55 | Build | House |
| 21:56 | Create | Villager (Male) |
| 21:56 | Create | Villager (Male) |
| 21:57 | Create | Villager (Male) |
| 21:57 | Create | Villager (Male) |
| 21:57 | Create | Villager (Male) |
| 21:58 | Create | Villager (Male) |
| 21:58 | Create | Villager (Male) |
Build order — max50202
First 150 of 567 actions detected
| 0:03 | Build | House |
| 0:05 | Build | House |
| 0:06 | Create | Villager (Male) |
| 0:06 | Create | Villager (Male) |
| 0:07 | Create | Villager (Male) |
| 0:07 | Create | Villager (Male) |
| 0:47 | Build | Palisade Wall |
| 1:55 | Create | Villager (Male) |
| 1:56 | Create | Villager (Male) |
| 2:12 | Research | Loom |
| 2:17 | Create | Villager (Male) |
| 2:46 | Create | Villager (Male) |
| 2:46 | Create | Villager (Male) |
| 2:51 | Build | Palisade Wall |
| 3:28 | Build | Palisade Wall |
| 3:47 | Create | Villager (Male) |
| 3:47 | Create | Villager (Male) |
| 3:47 | Create | Villager (Male) |
| 3:47 | Create | Villager (Male) |
| 4:35 | Create | Villager (Male) |
| 4:35 | Create | Villager (Male) |
| 4:58 | Create | Villager (Male) |
| 5:19 | Create | Villager (Male) |
| 5:57 | Create | Villager (Male) |
| 6:00 | Build | House |
| 6:01 | Research | Loom |
| 6:01 | Research | Loom |
| 6:46 | Create | Villager (Male) |
| 6:46 | Create | Villager (Male) |
| 6:47 | Create | Villager (Male) |
| 7:41 | Build | Lumber Camp |
| 7:42 | Create | Villager (Male) |
| 7:42 | Create | Villager (Male) |
| 7:42 | Create | Villager (Male) |
| 7:43 | Create | Villager (Male) |
| 8:31 | Build | House |
| 8:47 | Create | Villager (Male) |
| 9:16 | Create | Villager (Male) |
| 9:17 | Create | Villager (Male) |
| 9:26 | Build | House |
| 9:55 | Build | Mining Camp |
| 9:59 | Create | Villager (Male) |
| 10:12 | Build | Mill |
| 10:24 | Create | Villager (Male) |
| 10:57 | Create | Villager (Male) |
| 11:59 | Research | Feudal Age |
| 12:00 | Research | Feudal Age |
| 14:09 | Age | Feudal Age |
| 14:13 | Research | Castle Age |
| 14:13 | Research | Castle Age |
| 14:19 | Build | Lumber Camp |
| 14:28 | Research | Double-Bit Axe |
| 14:30 | Research | Horse Collar |
| 14:34 | Build | Farm |
| 14:38 | Build | Farm |
| 15:22 | Build | Stable |
| 15:32 | Build | House |
| 15:53 | Create | Villager (Male) |
| 15:54 | Create | Villager (Male) |
| 16:21 | Create | Villager (Male) |
| 16:26 | Build | House |
| 16:53 | Age | Castle Age |
| 16:54 | Create | Knight |
| 16:55 | Build | Town Center |
| 16:59 | Build | Monastery |
| 17:01 | Create | Villager (Male) |
| 17:01 | Create | Villager (Male) |
| 17:05 | Build | House |
| 17:13 | Research | Bow Saw |
| 17:14 | Research | Bow Saw |
| 17:24 | Build | Farm |
| 17:27 | Create | Scout Cavalry |
| 17:31 | Create | Knight |
| 18:01 | Create | Villager (Male) |
| 18:01 | Create | Villager (Male) |
| 18:02 | Create | Villager (Male) |
| 18:02 | Create | Villager (Male) |
| 18:13 | Create | Monk |
| 18:13 | Create | Monk |
| 18:17 | Build | Farm |
| 18:22 | Build | Farm |
| 18:37 | Build | Market |
| 18:56 | Build | Farm |
| 18:56 | Build | Farm |
| 18:56 | Build | Farm |
| 18:58 | Build | Farm |
| 19:00 | Create | Villager (Male) |
| 19:00 | Create | Villager (Male) |
| 19:03 | Create | Villager (Male) |
| 19:03 | Create | Villager (Male) |
| 19:30 | Build | Building 673 |
| 19:44 | Build | Farm |
| 19:50 | Create | Villager (Male) |
| 19:51 | Create | Villager (Male) |
| 19:51 | Create | Villager (Male) |
| 19:51 | Create | Villager (Male) |
| 19:59 | Build | Farm |
| 20:00 | Build | Farm |
| 20:41 | Create | Villager (Male) |
| 20:41 | Create | Villager (Male) |
| 20:41 | Create | Villager (Male) |
| 20:41 | Create | Villager (Male) |
| 20:42 | Create | Villager (Male) |
| 20:53 | Create | Villager (Male) |
| 20:53 | Create | Villager (Male) |
| 21:00 | Build | Mining Camp |
| 21:09 | Build | Farm |
| 21:10 | Create | Villager (Male) |
| 21:10 | Create | Villager (Male) |
| 21:35 | Build | Town Center |
| 22:01 | Build | Stone Wall |
| 22:16 | Build | Farm |
| 22:17 | Build | Farm |
| 22:17 | Build | Farm |
| 22:17 | Build | Farm |
| 22:19 | Create | Villager (Male) |
| 22:19 | Create | Villager (Male) |
| 22:19 | Create | Villager (Male) |
| 22:20 | Create | Villager (Male) |
| 22:20 | Create | Villager (Male) |
| 22:20 | Create | Villager (Male) |
| 22:24 | Build | House |
| 22:26 | Build | House |
| 22:32 | Create | Villager (Male) |
| 22:32 | Create | Villager (Male) |
| 23:05 | Build | Farm |
| 23:12 | Create | Villager (Male) |
| 23:13 | Create | Villager (Male) |
| 23:13 | Create | Villager (Male) |
| 23:13 | Create | Villager (Male) |
| 23:16 | Build | Farm |
| 23:16 | Build | Farm |
| 23:17 | Build | Farm |
| 23:17 | Build | Farm |
| 23:17 | Build | Farm |
| 23:21 | Build | Farm |
| 23:49 | Create | Villager (Male) |
| 23:49 | Create | Villager (Male) |
| 23:49 | Create | Villager (Male) |
| 23:50 | Create | Villager (Male) |
| 23:52 | Build | Farm |
| 23:52 | Build | Farm |
| 23:53 | Build | Farm |
| 23:53 | Build | Farm |
| 23:53 | Build | Farm |
| 24:15 | Build | Stone Wall |
| 24:16 | Create | Villager (Male) |
| 24:17 | Create | Villager (Male) |
| 24:17 | Create | Villager (Male) |
| 24:20 | Build | Farm |
Build order — wilma.isabella.frank
First 150 of 309 actions detected
| 0:02 | Build | House |
| 0:04 | Build | House |
| 0:08 | Create | Villager (Male) ×4 |
| 0:09 | Create | Villager (Male) ×4 |
| 0:29 | Research | Loom |
| 0:29 | Create | Villager (Male) ×3 |
| 0:29 | Create | Villager (Male) ×3 |
| 2:41 | Create | Villager (Male) ×2 |
| 3:59 | Build | Lumber Camp |
| 4:02 | Create | Villager (Male) ×2 |
| 4:02 | Create | Villager (Male) ×2 |
| 4:23 | Create | Villager (Male) |
| 4:46 | Create | Villager (Male) |
| 4:47 | Create | Villager (Male) |
| 5:13 | Build | House |
| 5:14 | Build | House |
| 5:20 | Create | Villager (Male) |
| 6:10 | Create | Villager (Male) |
| 6:10 | Create | Villager (Male) |
| 6:48 | Create | Villager (Male) ×2 |
| 6:48 | Create | Villager (Male) ×2 |
| 7:20 | Create | Villager (Male) |
| 7:20 | Create | Villager (Male) |
| 7:52 | Create | Villager (Male) ×5 |
| 7:53 | Create | Villager (Male) ×5 |
| 7:53 | Create | Villager (Male) |
| 8:03 | Build | Mill |
| 8:34 | Create | Villager (Male) ×4 |
| 8:44 | Build | Mining Camp |
| 9:47 | Build | Mill |
| 9:54 | Create | Villager (Male) |
| 10:00 | Build | House |
| 10:01 | Build | House |
| 10:01 | Build | House |
| 10:42 | Research | Feudal Age |
| 10:54 | Create | Villager (Male) |
| 10:54 | Create | Villager (Male) |
| 13:04 | Build | Mining Camp |
| 13:33 | Age | Feudal Age |
| 13:36 | Build | Market |
| 13:44 | Build | Blacksmith |
| 13:51 | Build | Blacksmith |
| 14:01 | Create | Villager (Male) |
| 14:04 | Research | Horse Collar |
| 14:07 | Research | Double-Bit Axe |
| 14:13 | Research | Stone Mining |
| 14:16 | Research | Gold Mining |
| 14:37 | Research | Castle Age |
| 16:41 | Research | Wheelbarrow |
| 16:52 | Research | Horse Collar |
| 17:17 | Age | Castle Age |
| 17:18 | Research | Bow Saw |
| 17:18 | Research | Bow Saw |
| 17:20 | Research | Heavy Plow |
| 17:21 | Research | Heavy Plow |
| 17:28 | Build | Town Center |
| 18:00 | Build | Town Center |
| 18:54 | Build | Farm |
| 18:56 | Build | Farm |
| 18:57 | Build | Farm |
| 18:59 | Build | Farm |
| 19:11 | Build | Farm |
| 19:13 | Build | Farm |
| 19:25 | Build | Farm |
| 19:27 | Build | Farm |
| 19:45 | Create | Villager (Male) ×2 |
| 19:45 | Create | Villager (Male) ×2 |
| 20:45 | Build | Siege Workshop |
| 20:59 | Create | Villager (Male) ×3 |
| 20:59 | Create | Villager (Male) ×3 |
| 21:00 | Create | Villager (Male) |
| 21:01 | Create | Villager (Male) |
| 21:07 | Build | Farm |
| 21:12 | Build | Farm |
| 21:14 | Build | Farm |
| 21:18 | Build | Farm |
| 21:24 | Build | Farm |
| 21:34 | Build | Farm |
| 21:35 | Create | Villager (Male) |
| 21:35 | Create | Villager (Male) |
| 21:37 | Create | Villager (Male) |
| 21:38 | Create | Villager (Male) |
| 22:02 | Build | Castle |
| 22:44 | Create | Mangonel |
| 22:52 | Create | Villager (Male) ×5 |
| 22:52 | Create | Villager (Male) ×5 |
| 22:52 | Create | Villager (Male) |
| 22:54 | Create | Villager (Male) |
| 22:55 | Create | Villager (Male) |
| 23:00 | Build | Farm |
| 23:01 | Build | Farm |
| 23:03 | Build | Farm |
| 23:05 | Build | Farm |
| 23:17 | Create | Villager (Male) |
| 23:17 | Create | Villager (Male) ×2 |
| 23:17 | Create | Villager (Male) |
| 23:27 | Create | Villager (Male) |
| 23:27 | Create | Villager (Male) |
| 23:37 | Create | Villager (Male) |
| 23:38 | Create | Villager (Male) |
| 23:44 | Build | Farm |
| 23:45 | Build | Farm |
| 23:47 | Build | Farm |
| 23:50 | Build | Farm |
| 24:19 | Build | Stone Wall |
| 24:24 | Build | Building 673 |
| 24:39 | Create | Villager (Male) ×5 |
| 25:21 | Build | Lumber Camp |
| 25:39 | Build | Stone Wall |
| 25:43 | Build | Building 490 |
| 25:54 | Create | Villager (Male) ×5 |
| 25:55 | Create | Villager (Male) ×5 |
| 25:55 | Create | Villager (Male) ×5 |
| 25:55 | Create | Villager (Male) ×4 |
| 25:57 | Create | Villager (Male) |
| 25:57 | Create | Villager (Male) |
| 26:09 | Build | House |
| 26:10 | Build | House |
| 26:11 | Build | House |
| 26:12 | Build | House |
| 26:13 | Build | House |
| 26:13 | Build | House |
| 26:15 | Build | House |
| 26:16 | Build | House |
| 26:16 | Build | House |
| 27:03 | Create | Villager (Male) ×5 |
| 27:03 | Create | Villager (Male) ×5 |
| 27:04 | Create | Villager (Male) ×4 |
| 27:19 | Build | Siege Workshop |
| 27:21 | Build | Siege Workshop |
| 27:23 | Build | Siege Workshop |
| 27:24 | Build | Siege Workshop |
| 27:39 | Build | Market |
| 28:09 | Build | Market |
| 28:25 | Create | Villager (Male) ×5 |
| 28:35 | Build | Mining Camp |
| 28:38 | Build | Farm |
| 28:53 | Build | Farm |
| 28:54 | Build | Farm |
| 28:55 | Build | Farm |
| 28:56 | Build | Farm |
| 30:06 | Build | Market |
| 30:39 | Build | Siege Workshop |
| 30:41 | Build | Siege Workshop |
| 30:42 | Build | Siege Workshop |
| 30:46 | Build | Castle |
| 30:52 | Build | House |
| 30:53 | Build | House |
| 30:53 | Build | House |
| 30:54 | Build | House |
Build order — hianyzol
First 150 of 639 actions detected
| 0:05 | Research | Loom |
| 0:06 | Create | Villager (Male) |
| 0:06 | Create | Villager (Male) |
| 0:06 | Create | Villager (Male) |
| 0:06 | Create | Villager (Male) |
| 0:07 | Create | Villager (Male) |
| 0:11 | Build | House |
| 1:09 | Build | Palisade Wall |
| 1:21 | Build | Palisade Wall |
| 1:39 | Build | Palisade Wall |
| 2:18 | Create | Villager (Male) |
| 2:18 | Create | Villager (Male) |
| 2:18 | Create | Villager (Male) |
| 2:36 | Build | House |
| 3:01 | Create | Villager (Male) |
| 3:01 | Create | Villager (Male) |
| 3:01 | Create | Villager (Male) |
| 3:24 | Create | Villager (Male) |
| 3:24 | Create | Villager (Male) |
| 3:24 | Create | Villager (Male) |
| 3:43 | Build | Palisade Wall |
| 4:15 | Create | Villager (Male) |
| 4:15 | Create | Villager (Male) |
| 4:32 | Create | Villager (Male) |
| 4:38 | Build | House |
| 5:15 | Create | Villager (Male) |
| 5:28 | Create | Villager (Male) |
| 5:52 | Create | Villager (Male) |
| 6:22 | Build | Lumber Camp |
| 6:29 | Create | Villager (Male) |
| 6:30 | Create | Villager (Male) |
| 6:58 | Build | House |
| 7:01 | Create | Villager (Male) |
| 7:34 | Create | Villager (Male) |
| 8:01 | Build | Mill |
| 8:09 | Create | Villager (Male) |
| 8:14 | Build | House |
| 8:41 | Build | House |
| 8:46 | Create | Villager (Male) |
| 8:46 | Create | Villager (Male) |
| 9:18 | Build | House |
| 10:21 | Research | Feudal Age |
| 10:58 | Build | Mill |
| 11:06 | Build | House |
| 12:26 | Build | Barracks |
| 12:31 | Age | Feudal Age |
| 12:44 | Build | Market |
| 12:46 | Create | Villager (Male) |
| 12:47 | Create | Villager (Male) |
| 12:47 | Create | Villager (Male) |
| 13:25 | Build | Mining Camp |
| 13:27 | Create | Villager (Male) |
| 13:56 | Build | Blacksmith |
| 14:03 | Create | Villager (Male) |
| 14:24 | Research | Double-Bit Axe |
| 14:36 | Create | Villager (Male) |
| 14:47 | Build | Mining Camp |
| 15:01 | Create | Villager (Male) |
| 15:39 | Create | Villager (Male) |
| 16:06 | Research | Castle Age |
| 16:21 | Build | Stone Wall |
| 16:36 | Research | Gold Mining |
| 16:41 | Research | Stone Mining |
| 16:56 | Build | House |
| 16:57 | Build | House |
| 16:59 | Build | House |
| 17:50 | Create | Villager (Male) |
| 17:50 | Create | Villager (Male) |
| 18:08 | Build | Stone Wall |
| 18:31 | Create | Villager (Male) |
| 18:47 | Age | Castle Age |
| 18:49 | Build | Town Center |
| 19:08 | Build | Town Center |
| 19:22 | Build | Blacksmith |
| 19:25 | Create | Villager (Male) |
| 19:34 | Build | Outpost |
| 19:43 | Create | Villager (Male) |
| 20:00 | Build | Farm |
| 20:02 | Build | Farm |
| 20:04 | Build | Farm |
| 20:09 | Build | Farm |
| 20:12 | Build | Farm |
| 20:16 | Build | Farm |
| 20:29 | Create | Villager (Male) |
| 20:33 | Build | Farm |
| 20:38 | Build | Farm |
| 20:49 | Build | Outpost |
| 21:09 | Build | Farm |
| 21:18 | Build | Farm |
| 21:25 | Research | Horse Collar |
| 21:39 | Build | Farm |
| 21:42 | Create | Villager (Male) |
| 21:54 | Create | Villager (Male) |
| 22:04 | Build | Monastery |
| 22:09 | Create | Villager (Male) |
| 22:16 | Build | Farm |
| 22:35 | Build | Farm |
| 22:36 | Create | Villager (Male) |
| 22:40 | Create | Villager (Male) |
| 22:48 | Build | Farm |
| 22:55 | Create | Villager (Male) |
| 22:59 | Create | Monk |
| 23:19 | Build | Farm |
| 23:20 | Create | Villager (Male) |
| 23:21 | Create | Villager (Male) |
| 23:26 | Build | Farm |
| 23:31 | Build | Farm |
| 23:35 | Create | Villager (Male) |
| 23:36 | Create | Villager (Male) |
| 23:48 | Build | Castle |
| 23:57 | Build | Farm |
| 24:01 | Research | Town Watch |
| 24:04 | Create | Villager (Male) |
| 24:06 | Create | Villager (Male) |
| 24:10 | Build | Farm |
| 24:22 | Build | Farm |
| 24:36 | Create | Villager (Male) |
| 24:39 | Create | Villager (Male) |
| 24:41 | Create | Villager (Male) |
| 24:41 | Create | Villager (Male) |
| 24:52 | Build | Barracks |
| 24:56 | Build | Farm |
| 25:06 | Create | Villager (Male) |
| 25:07 | Create | Villager (Male) |
| 25:07 | Create | Villager (Male) |
| 25:07 | Create | Villager (Male) |
| 25:07 | Create | Villager (Male) |
| 25:14 | Build | Farm |
| 25:35 | Build | Farm |
| 25:39 | Research | Wheelbarrow |
| 25:42 | Create | Villager (Male) |
| 25:42 | Create | Villager (Male) |
| 25:42 | Create | Villager (Male) |
| 25:53 | Build | Farm |
| 25:57 | Build | Mill |
| 26:00 | Build | Farm |
| 26:00 | Build | Farm |
| 26:00 | Build | Farm |
| 26:00 | Build | Farm |
| 26:01 | Build | Farm |
| 26:01 | Build | Farm |
| 26:03 | Create | Villager (Male) |
| 26:04 | Create | Villager (Male) |
| 26:04 | Create | Villager (Male) |
| 26:04 | Create | Villager (Male) |
| 26:18 | Create | Woad Raider |
| 26:18 | Create | Woad Raider |
| 26:18 | Create | Woad Raider |
| 26:18 | Create | Woad Raider |
| 26:27 | Build | Farm |
Build order — sheng.an.max
First 150 of 635 actions detected
| 0:13 | Research | Loom |
| 0:14 | Create | Villager (Male) |
| 0:14 | Create | Villager (Male) |
| 0:14 | Create | Villager (Male) |
| 0:15 | Create | Villager (Male) |
| 0:15 | Create | Villager (Male) |
| 0:24 | Build | House |
| 1:25 | Build | House |
| 2:09 | Create | Villager (Male) |
| 2:09 | Create | Villager (Male) |
| 2:17 | Build | House |
| 3:05 | Build | House |
| 3:42 | Create | Villager (Male) |
| 3:42 | Create | Villager (Male) |
| 3:43 | Create | Villager (Male) |
| 3:43 | Create | Villager (Male) |
| 3:43 | Create | Villager (Male) |
| 4:34 | Build | House |
| 4:41 | Create | Villager (Male) |
| 4:42 | Create | Villager (Male) |
| 5:23 | Build | House |
| 6:26 | Build | Lumber Camp |
| 6:39 | Create | Villager (Male) |
| 6:39 | Create | Villager (Male) |
| 6:39 | Create | Villager (Male) |
| 6:39 | Create | Villager (Male) |
| 6:40 | Create | Villager (Male) |
| 6:40 | Create | Villager (Male) |
| 7:16 | Build | Mill |
| 8:17 | Create | Villager (Male) |
| 8:19 | Create | Villager (Male) |
| 8:52 | Build | Mining Camp |
| 11:43 | Research | Feudal Age |
| 11:43 | Research | Feudal Age |
| 11:59 | Build | Mill |
| 12:17 | Create | Villager (Male) |
| 12:18 | Create | Villager (Male) |
| 12:18 | Create | Villager (Male) |
| 12:48 | Create | Villager (Male) |
| 12:48 | Create | Villager (Male) |
| 12:49 | Create | Villager (Male) |
| 12:49 | Create | Villager (Male) |
| 13:22 | Create | Villager (Male) |
| 13:23 | Create | Villager (Male) |
| 13:53 | Age | Feudal Age |
| 14:33 | Build | Market |
| 14:53 | Build | Blacksmith |
| 15:16 | Build | Farm |
| 15:40 | Build | Farm |
| 16:22 | Research | Double-Bit Axe |
| 16:29 | Build | Farm |
| 16:42 | Build | Mining Camp |
| 16:52 | Build | Barracks |
| 17:00 | Build | Farm |
| 17:41 | Create | Trade Cart |
| 17:41 | Create | Trade Cart |
| 18:06 | Build | House |
| 18:12 | Research | Castle Age |
| 18:35 | Build | Farm |
| 18:42 | Build | Farm |
| 19:14 | Build | Stable |
| 19:26 | Create | Villager (Male) |
| 19:26 | Create | Villager (Male) |
| 19:26 | Create | Villager (Male) |
| 19:26 | Create | Villager (Male) |
| 19:27 | Create | Villager (Male) |
| 19:27 | Create | Villager (Male) |
| 19:27 | Create | Villager (Male) |
| 19:27 | Create | Villager (Male) |
| 19:48 | Research | Horse Collar |
| 19:48 | Research | Horse Collar |
| 20:31 | Create | Villager (Male) |
| 20:31 | Create | Villager (Male) |
| 20:31 | Create | Villager (Male) |
| 20:49 | Build | Stable |
| 20:52 | Age | Castle Age |
| 20:58 | Create | Scout Cavalry |
| 21:25 | Build | Farm |
| 21:28 | Create | Villager (Male) |
| 21:29 | Create | Villager (Male) |
| 21:29 | Create | Villager (Male) |
| 21:57 | Build | Town Center |
| 22:09 | Research | Light Cavalry (upgrade) |
| 22:09 | Research | Bloodlines |
| 22:20 | Build | House |
| 22:34 | Build | Farm |
| 22:51 | Create | Trade Cart |
| 22:51 | Create | Trade Cart |
| 22:56 | Research | Bow Saw |
| 23:05 | Build | Farm |
| 23:22 | Build | House |
| 23:45 | Create | Villager (Male) |
| 23:45 | Create | Villager (Male) |
| 23:46 | Create | Villager (Male) |
| 23:57 | Build | Farm |
| 24:28 | Create | Villager (Male) |
| 24:28 | Create | Villager (Male) |
| 24:28 | Create | Villager (Male) |
| 24:30 | Research | Town Watch |
| 24:31 | Create | Villager (Male) |
| 24:35 | Create | Villager (Male) |
| 24:44 | Build | Farm |
| 25:02 | Build | Farm |
| 25:10 | Build | Farm |
| 25:20 | Build | Farm |
| 25:28 | Build | Farm |
| 25:39 | Build | Farm |
| 25:53 | Build | Farm |
| 25:59 | Build | Farm |
| 26:13 | Build | Farm |
| 26:35 | Build | Monastery |
| 26:41 | Build | Farm |
| 26:49 | Build | Farm |
| 26:57 | Build | Farm |
| 27:03 | Build | Farm |
| 27:06 | Research | Wheelbarrow |
| 27:06 | Research | Town Patrol |
| 27:07 | Research | Town Patrol |
| 27:08 | Create | Villager (Male) |
| 27:08 | Create | Villager (Male) |
| 27:08 | Create | Villager (Male) |
| 27:11 | Create | Villager (Male) |
| 27:11 | Create | Villager (Male) |
| 27:12 | Create | Villager (Male) |
| 27:12 | Create | Villager (Male) |
| 27:12 | Create | Villager (Male) |
| 27:19 | Build | Farm |
| 27:35 | Create | Scout Cavalry |
| 27:35 | Create | Scout Cavalry |
| 27:39 | Create | Scout Cavalry |
| 27:46 | Build | Farm |
| 28:10 | Build | University |
| 28:20 | Build | Farm |
| 28:46 | Create | Villager (Male) |
| 28:46 | Create | Villager (Male) |
| 28:50 | Create | Villager (Male) |
| 28:50 | Create | Villager (Male) |
| 28:58 | Build | Farm |
| 29:11 | Build | Lumber Camp |
| 29:38 | Build | House |
| 29:44 | Build | Farm |
| 29:47 | Research | Hand Cart |
| 29:48 | Create | Villager (Male) |
| 29:52 | Create | Villager (Male) |
| 29:52 | Create | Villager (Male) |
| 29:53 | Create | Villager (Male) |
| 29:53 | Create | Villager (Male) |
| 30:02 | Build | Farm |
| 30:10 | Build | Farm |
| 30:44 | Build | Farm |
Build order — x-Philip_J_Fry-x
First 150 of 408 actions detected
| 0:03 | Research | Loom |
| 0:03 | Create | Villager (Male) ×4 |
| 0:16 | Build | House |
| 0:50 | Build | Palisade Wall |
| 1:19 | Build | Palisade Wall |
| 2:03 | Build | Lumber Camp |
| 2:45 | Build | House |
| 2:49 | Create | Villager (Male) |
| 3:16 | Build | House |
| 3:46 | Create | Villager (Male) |
| 4:42 | Create | Villager (Male) |
| 4:43 | Create | Villager (Male) |
| 4:49 | Create | Villager (Male) |
| 5:23 | Create | Villager (Male) |
| 5:28 | Build | Mill |
| 6:10 | Create | Villager (Male) |
| 6:16 | Create | Villager (Male) |
| 7:09 | Create | Villager (Male) |
| 7:10 | Create | Villager (Male) |
| 7:17 | Create | Villager (Male) |
| 7:37 | Build | Mining Camp |
| 8:19 | Create | Villager (Male) |
| 8:20 | Create | Villager (Male) |
| 9:13 | Build | Mill |
| 9:41 | Build | House |
| 9:45 | Build | House |
| 9:49 | Build | House |
| 10:20 | Build | House |
| 10:24 | Build | House |
| 11:04 | Research | Feudal Age |
| 13:09 | Create | Villager (Male) |
| 13:09 | Create | Villager (Male) |
| 13:09 | Create | Villager (Male) |
| 13:10 | Create | Villager (Male) |
| 13:21 | Research | Double-Bit Axe |
| 13:43 | Build | Stone Wall |
| 13:50 | Build | Building 673 |
| 14:09 | Build | Market |
| 14:21 | Build | Blacksmith |
| 14:35 | Build | Mill |
| 14:40 | Create | Villager (Male) |
| 14:41 | Create | Villager (Male) |
| 14:41 | Create | Villager (Male) |
| 15:08 | Build | Mining Camp |
| 15:35 | Build | Stone Wall |
| 15:40 | Build | Building 673 |
| 16:04 | Build | Farm |
| 16:41 | Build | House |
| 16:41 | Build | House |
| 16:42 | Build | House |
| 16:42 | Build | House |
| 17:28 | Research | Castle Age |
| 17:36 | Research | Horse Collar |
| 17:45 | Build | Farm |
| 17:53 | Build | Farm |
| 17:55 | Build | Farm |
| 17:59 | Build | Farm |
| 18:29 | Research | Stone Mining |
| 20:10 | Build | Watch Tower |
| 20:23 | Build | Town Center |
| 21:28 | Build | Lumber Camp |
| 21:32 | Create | Villager (Male) |
| 21:32 | Create | Villager (Male) |
| 21:32 | Create | Villager (Male) |
| 21:33 | Create | Villager (Male) |
| 21:33 | Create | Villager (Male) |
| 21:57 | Create | Villager (Male) |
| 21:57 | Create | Villager (Male) |
| 21:58 | Create | Villager (Male) |
| 21:58 | Create | Villager (Male) |
| 21:58 | Create | Villager (Male) |
| 22:40 | Research | Bow Saw |
| 23:01 | Research | Gold Mining |
| 23:03 | Create | Villager (Male) |
| 23:05 | Create | Villager (Male) |
| 23:13 | Build | Town Center |
| 23:40 | Build | Lumber Camp |
| 23:56 | Build | Siege Workshop |
| 24:17 | Research | Forging |
| 24:19 | Create | Villager (Male) |
| 24:28 | Create | Villager (Male) |
| 24:29 | Create | Villager (Male) |
| 24:30 | Create | Villager (Male) |
| 24:31 | Create | Villager (Male) |
| 25:00 | Create | Trade Cart ×5 |
| 25:22 | Create | Villager (Male) |
| 25:22 | Create | Villager (Male) |
| 25:32 | Build | Farm |
| 25:36 | Build | Farm |
| 25:38 | Build | Farm |
| 25:39 | Build | Farm |
| 25:43 | Build | Farm |
| 25:48 | Build | Farm |
| 25:58 | Build | Farm |
| 25:59 | Build | Farm |
| 26:04 | Build | Farm |
| 26:05 | Build | Farm |
| 26:10 | Build | Farm |
| 26:15 | Create | Villager (Male) |
| 26:17 | Create | Villager (Male) |
| 26:35 | Create | Scorpion ×5 |
| 26:50 | Research | Heavy Plow |
| 27:05 | Create | Trade Cart |
| 27:05 | Create | Trade Cart |
| 27:15 | Create | Villager (Male) |
| 27:15 | Create | Villager (Male) |
| 27:17 | Create | Villager (Male) |
| 27:22 | Create | Villager (Male) |
| 27:28 | Build | Farm |
| 27:31 | Build | Farm |
| 27:32 | Build | Farm |
| 27:57 | Build | Monastery |
| 28:06 | Build | Castle |
| 28:15 | Create | Villager (Male) |
| 28:16 | Create | Villager (Male) |
| 28:17 | Create | Villager (Male) |
| 28:17 | Create | Villager (Male) |
| 28:18 | Create | Villager (Male) |
| 28:18 | Create | Villager (Male) |
| 28:32 | Build | Farm |
| 28:33 | Build | Farm |
| 28:35 | Build | Farm |
| 28:42 | Create | Monk |
| 28:50 | Build | House |
| 28:50 | Build | House |
| 28:51 | Build | House |
| 28:52 | Build | House |
| 28:52 | Build | House |
| 28:52 | Build | House |
| 28:53 | Build | House |
| 28:54 | Build | House |
| 28:54 | Build | House |
| 28:55 | Build | House |
| 28:55 | Build | House |
| 29:40 | Create | Villager (Male) |
| 29:41 | Create | Villager (Male) |
| 29:42 | Create | Villager (Male) |
| 29:42 | Create | Villager (Male) |
| 29:45 | Create | Villager (Male) |
| 29:46 | Research | Wheelbarrow |
| 30:08 | Research | Ballistas |
| 30:58 | Build | Lumber Camp |
| 31:19 | Build | Lumber Camp |
| 31:42 | Research | Imperial Age |
| 32:08 | Build | Siege Workshop |
| 32:13 | Build | Siege Workshop |
| 32:36 | Research | Forging |
| 32:37 | Research | Scale Mail Armor |
| 32:40 | Create | Trade Cart |
| 32:41 | Research | Caravan |
Match timeline
| 0:47 | max50202 · wall_segment Palisade Wall x8 |
| 0:50 | x-Philip_J_Fry-x · wall_segment Palisade Wall x10 |
| 1:09 | hianyzol · wall_segment Palisade Wall x7 |
| 1:16 | cuffneyj · wall_segment Palisade Wall x5 |
| 1:19 | x-Philip_J_Fry-x · wall_segment Palisade Wall x9 |
| 1:21 | hianyzol · wall_segment Palisade Wall x9 |
| 1:39 | hianyzol · wall_segment Palisade Wall x18 |
| 1:52 | cuffneyj · wall_segment Palisade Wall x3 |
| 2:51 | max50202 · wall_segment Palisade Wall x5 |
| 3:28 | max50202 · wall_segment Palisade Wall x8 |
| 3:43 | hianyzol · wall_segment Palisade Wall x8 |
| 7:21 | DumDum · wall_segment Palisade Wall x9 |
| 7:23 | DumDum · wall_segment Palisade Wall x3 |
| 9:44 | DumDum · wall_segment Palisade Wall x5 |
| 11:54 | GAmERzLike · age_up feudal |
| 12:26 | hianyzol · first_building Barracks |
| 12:31 | hianyzol · age_up feudal |
| 13:33 | wilma.isabella.frank · age_up feudal |
| 13:43 | x-Philip_J_Fry-x · wall_segment Stone Wall x11 |
| 13:53 | sheng.an.max · age_up feudal |
| 13:58 | DumDum · age_up feudal |
| 14:06 | cuffneyj · age_up feudal |
| 14:09 | max50202 · age_up feudal |
| 15:22 | max50202 · first_building Stable |
| 15:35 | x-Philip_J_Fry-x · wall_segment Stone Wall x10 |
| 16:09 | GAmERzLike · age_up castle |
| 16:21 | hianyzol · wall_segment Stone Wall x11 |
| 16:49 | wilma.isabella.frank · first_market_buy 100 food |
| 16:52 | sheng.an.max · first_building Barracks |
| 16:53 | max50202 · age_up castle |
| 16:59 | max50202 · first_building Monastery |
| 17:02 | DumDum · first_market_buy 100 food |
| 17:17 | wilma.isabella.frank · age_up castle |
| 18:08 | hianyzol · wall_segment Stone Wall x14 |
| 18:37 | cuffneyj · age_up castle |
| 18:47 | hianyzol · age_up castle |
| 19:03 | DumDum · first_building Barracks |
| 19:14 | sheng.an.max · first_building Stable |
| 19:56 | max50202 · first_market_sell 100 wood |
| 20:45 | wilma.isabella.frank · first_building Siege Workshop |
| 20:52 | sheng.an.max · age_up castle |
| 22:01 | max50202 · wall_segment Stone Wall x9 |
| 22:02 | wilma.isabella.frank · first_building Castle |
| 22:04 | hianyzol · first_building Monastery |
| 22:15 | DumDum · first_building Archery Range |
| 23:44 | DumDum · first_building Stable |
| 23:48 | hianyzol · first_building Castle |
| 23:50 | GAmERzLike · first_building Monastery |
| 23:53 | cuffneyj · wall_segment Stone Wall x8 |
| 23:56 | x-Philip_J_Fry-x · first_building Siege Workshop |
| 24:15 | max50202 · wall_segment Stone Wall x1 |
| 24:19 | wilma.isabella.frank · wall_segment Stone Wall x8 |
| 24:32 | DumDum · wall_segment Stone Wall x13 |
| 24:56 | DumDum · wall_segment Stone Wall x1 |
| 25:00 | DumDum · wall_segment Stone Wall x9 |
| 25:13 | max50202 · first_building Castle |
| 25:15 | cuffneyj · wall_segment Stone Wall x5 |
| 25:20 | cuffneyj · wall_segment Stone Wall x6 |
| 25:39 | wilma.isabella.frank · wall_segment Stone Wall x11 |
| 25:50 | DumDum · age_up castle |
| 25:54 | GAmERzLike · first_market_sell 100 food |
| 26:35 | sheng.an.max · first_building Monastery |
| 26:43 | DumDum · first_building Castle |
| 27:57 | x-Philip_J_Fry-x · first_building Monastery |
| 28:06 | x-Philip_J_Fry-x · first_building Castle |
| 28:09 | max50202 · first_market_buy 100 food |
| 28:45 | GAmERzLike · first_building Barracks |
| 28:54 | cuffneyj · first_building Castle |
| 29:29 | GAmERzLike · age_up imperial |
| 29:41 | DumDum · first_building Siege Workshop |
| 29:44 | GAmERzLike · first_building Stable |
| 30:47 | cuffneyj · first_building Barracks |
| 30:55 | cuffneyj · first_building Siege Workshop |
| 31:50 | x-Philip_J_Fry-x · first_market_sell 500 wood |
| 32:13 | hianyzol · first_building Siege Workshop |
| 32:59 | max50202 · age_up imperial |
| 33:36 | x-Philip_J_Fry-x · first_building Barracks |
| 33:39 | wilma.isabella.frank · first_market_sell 500 wood |
| 34:16 | cuffneyj · age_up imperial |
| 34:26 | wilma.isabella.frank · age_up imperial |
| 34:31 | hianyzol · age_up imperial |
| 34:41 | max50202 · wall_segment Stone Wall x1 |
| 34:44 | max50202 · wall_segment Stone Wall x1 |
| 35:54 | hianyzol · first_market_buy 100 wood |
| 37:06 | GAmERzLike · first_building Castle |
| 37:06 | DumDum · first_building Monastery |
| 37:07 | DumDum · age_up imperial |
| 37:29 | sheng.an.max · age_up imperial |
| 38:00 | GAmERzLike · wall_segment Stone Wall x10 |
| 38:06 | GAmERzLike · wall_segment Stone Wall x13 |
| 38:18 | GAmERzLike · wall_segment Stone Wall x11 |
| 38:20 | GAmERzLike · wall_segment Stone Wall x4 |
| 38:22 | GAmERzLike · wall_segment Stone Wall x6 |
| 38:24 | GAmERzLike · wall_segment Stone Wall x1 |
| 38:27 | GAmERzLike · wall_segment Stone Wall x5 |
| 38:29 | GAmERzLike · wall_segment Stone Wall x1 |
| 38:33 | GAmERzLike · wall_segment Stone Wall x1 |
| 38:52 | wilma.isabella.frank · first_building Barracks |
| 38:56 | cuffneyj · first_market_sell 500 wood |
| 40:11 | x-Philip_J_Fry-x · wall_segment Stone Wall x6 |
| 40:23 | GAmERzLike · wall_segment Stone Wall x20 |
| 40:25 | x-Philip_J_Fry-x · wall_segment Stone Wall x9 |
| 40:49 | hianyzol · wall_segment Stone Wall x2 |
| 41:17 | wilma.isabella.frank · first_building Stable |
| 42:39 | max50202 · first_building Siege Workshop |
| 45:04 | hianyzol · first_market_sell 100 wood |
| 45:04 | GAmERzLike · first_building Siege Workshop |
| 45:09 | cuffneyj · wall_segment Stone Wall x4 |
| 51:15 | sheng.an.max · first_building Castle |
| 51:44 | cuffneyj · resign |
| 58:17 | sheng.an.max · first_market_sell 100 wood |
| 58:39 | GAmERzLike · tribute_sent a jugador 1 |
| 58:39 | GAmERzLike · tribute_sent a jugador 3 |
| 58:39 | GAmERzLike · tribute_sent a jugador 4 |
| 58:39 | GAmERzLike · tribute_sent a jugador 5 |
| 58:39 | GAmERzLike · tribute_sent a jugador 6 |
| 58:39 | GAmERzLike · tribute_sent a jugador 7 |
| 58:39 | GAmERzLike · tribute_sent a jugador 8 |
| 59:49 | DumDum · wall_segment Stone Wall x9 |
| 59:52 | DumDum · wall_segment Stone Wall x9 |
| 60:20 | DumDum · wall_segment Stone Wall x21 |
| 61:12 | DumDum · wall_segment Stone Wall x22 |
[ AI ANALYSIS · 1 CREDIT ]
What really happened in this match?
Wolo.gg analyzes every decision: build order, eco, micro, common mistakes by bracket. Personalized analysis on WhatsApp or Discord in 30 seconds.
Civ guide
Bohemians
Map guide
Black Forest
Perfil
cuffneyj